 Dungeon Crawl Stone Soup version 0.30.0-11-gf55b779eaf (webtiles) character file.

Game seed: 13570383320691123422

97986 jasper the Destroyer (level 15, 0/75 HPs)
             Began as a Spriggan Venom Mage on May 16, 2023.
             Was a High Priest of Vehumet.
             Slain by Agnes
             ... wielding a +4 vampiric lajatang
              (33 damage)
             ... on level 14 of the Dungeon.
             The game lasted 00:59:10 (36780 turns).

jasper the Destroyer (Spriggan Venom Mage)         Turns: 36780, Time: 00:59:11

Health: 0/75       AC:  5    Str:  4    XL:     15   Next: 73%
Magic:  8/30       EV: 26    Int: 23    God:    Vehumet [*****.]
Gold:   1292       SH:  0    Dex: 23    Spells: 2/34 levels left

rFire   + . .        K - staff of conjuration
rCold   + . .        (shield currently unavailable)
rNeg    . . .        Q - +0 steam dragon scales
rPois   .            (helmet restricted)
rElec   .            R - scarf {rC+ rF+}
rCorr   .            (gloves unavailable)
SInv    +            (boots unavailable)
Will    +++..        (no amulet)
Stlth   +++++        y - +6 ring of dexterity
HPRegen 0.32/turn    U - ring "Oneog" {rF+ Will+}
MPRegen 0.22/turn

%: no passive effects
@: very quick
A: very small, no large weapons, unfitting armour, see invisible, speed 3,
screaming 1, no potion heal 1, heat vulnerability 1
a: Renounce Religion


You were on level 14 of the Dungeon.
You worshipped Vehumet.
Vehumet was extremely pleased with you.
You visited 4 branches of the dungeon, and saw 22 of its levels.
You visited 1 bazaar.

You collected 2200 gold pieces.
You spent 908 gold pieces at shops.

Inventory:

Hand Weapons
 c - a +1 dagger of protection
 m - a +7 antimagic rapier
 F - the +4 trident of the Forest {heavy, MP+9 Str+4 Int+2 Stlth-}
   (You found it on level 8 of the Dungeon)

   Str:       It affects your strength (+4).
   Int:       It affects your intelligence (+2).
   MP:        It affects your magic capacity (+9).
   Stlth:     It makes you less stealthy.
Armour
 a - a +0 robe
 g - a scarf of repulsion
 k - a +1 cloak
 D - a +1 robe of cold resistance
 I - a +2 animal skin
 Q - +0 steam dragon scales (worn)
 R - a scarf of resistance (worn)
Magical Staves
 i - a staff of air
 K - a staff of conjuration (weapon)
 Y - the staff of fire "Punil Giyg" {rF+ Will+ Dex+4 SInv Stlth+}
   (You found it on level 12 of the Dungeon)

   [staff of fire]

   Base accuracy: +5 Base damage: 5 Base attack delay: 1.2 This weapon's minimum
   attack delay (0.6) is reached at skill level 12.
   Dex:       It affects your dexterity (+4).
   rF:        It protects you from fire.
   SInv:      It lets you see invisible.
   Will:      It increases your willpower.
   Stlth:     It makes you more stealthy.
   It falls into the 'Staves' category.
   It is a two-handed weapon.
Jewellery
 y - a +6 ring of dexterity (left hand)
 B - a ring of resist corrosion
 L - a +6 ring of dexterity
 O - a ring of magical power
 P - a ring of positive energy
 S - a ring of willpower
 U - the ring "Oneog" (right hand) {rF+ Will+}
   (You found it on level 11 of the Dungeon)

   [ring of willpower]

   rF:        It protects you from fire.
   Will:      It increases your willpower.
 X - a +6 ring of intelligence
Wands
 h - a wand of mindburst (4)
 n - a wand of roots (26)
 s - a wand of flame (50)
 Z - a wand of polymorph (2)
Scrolls
 d - 14 scrolls of teleportation
 j - 6 scrolls of vulnerability
 p - 4 scrolls of enchant weapon
 r - 6 scrolls of blinking
 u - 3 scrolls of poison
 v - 3 scrolls of amnesia
 E - 5 scrolls of fog
 M - 7 scrolls of fear
 N - 2 scrolls of immolation
 T - 2 scrolls of enchant armour
 V - 5 scrolls of identify
Potions
 b - 2 potions of magic
 e - 7 potions of degeneration
 f - 2 potions of attraction
 l - 3 potions of haste
 o - a potion of cancellation
 q - 2 potions of berserk rage
 t - 5 potions of brilliance
 w - 3 potions of invisibility
 z - 4 potions of lignification
 A - 2 potions of might
 C - 2 potions of flight
 G - a potion of resistance
 H - 7 potions of curing
 J - 4 potions of heal wounds
Miscellaneous
 x - a lightning rod (inert)
 W - a tin of tremorstones (1/2)


   Skills:
 + Level 7.4 Fighting
 - Level 10.0 Dodging
 - Level 10.0 Stealth
 - Level 10.0 Spellcasting
 - Level 14.3 Conjurations
 - Level 6.0 Hexes
 - Level 8.0 Translocations
 - Level 1.3 Transmutations
 - Level 1.0 Air Magic
 - Level 12.0 Earth Magic
 - Level 6.0 Poison Magic
 - Level 5.0 Evocations


You had 2 spell levels left.
You knew the following spells:

 Your Spells              Type           Power      Damage    Failure   Level
a - Orb of Destruction    Conj           43%        9d12      4%          7
b - Poisonous Vapours     Pois/Air       54%        N/A       1%          2
c - Mephitic Cloud        Conj/Pois/Air  60%        N/A       1%          3
d - Olgreb's Toxic Radia  Pois           39%        N/A       1%          4
e - Iskenderun's Mystic   Conj/Tloc      76%        2d15      1%          4
f - Fulminant Prism       Conj/Hex       36%        3d18      1%          4
g - Blink                 Tloc           96%        N/A       1%          2
h - Iron Shot             Conj/Erth      41%        9d8       1%          6

Your spell library contained the following spells:

 Spells                   Type           Power      Damage    Failure   Level
 Conjure Ball Lightning   Conj/Air       31%        3x3d10    11%         6
 Freeze                   Ice            44%        1d6       1%          1
 Kiss of Death            Conj/Necr      100%       2d13      1%          1
 Sandblast                Erth           100%       2d20      1%          1
 Sting                    Tmut/Pois      100%       1d8       1%          1
 Passwall                 Tmut/Erth      35%        N/A       1%          2
 Ensorcelled Hibernation  Hex/Ice        50%        N/A       2%          2
 Scorch                   Fire           22%        2d6       2%          2
 Cigotuvi's Dreadful Rot  Necr/Pois/Air  44%        N/A       3%          2
 Confusing Touch          Hex            39%        N/A       1%          3
 Dazzling Flash           Conj/Hex       100%       N/A       1%          3
 Hailstorm                Conj/Ice       61%        3d13      1%          3
 Portal Projectile        Hex/Tloc       86%        N/A       1%          3
 Stone Arrow              Conj/Erth      100%       3d13      1%          3
 Volatile Blastmotes      Fire/Tloc      58%        2d14      1%          3
 Flame Wave               Conj/Fire      61%        2d14      1%          4
 Leda's Liquefaction      Hex/Erth       26%        N/A       1%          4
 Manifold Assault         Tloc           48%        N/A       1%          4
 Arcjolt                  Conj/Air       31%        1d41      1%          5
 Lee's Rapid Deconstruct  Erth           30%        3d16*     1%          5
 Vhi's Electric Charge    Tloc/Air       64%        N/A       2%          3
 Spider Form              Tmut/Pois      28%        N/A       3%          3
 Frozen Ramparts          Ice            22%        1d4       4%          3
 Animate Armour           Summ/Erth      78%        N/A       4%          4
 Anguish                  Hex/Necr       12%        N/A       16%         4
 Call Canine Familiar     Summ           11%        N/A       17%         3
 Ozocubu's Armour         Ice            11%        N/A       17%         3
 Silence                  Hex/Air        13%        N/A       36%         5
 Metabolic Englaciation   Hex/Ice        12%        N/A       41%         5
 Dispel Undead            Necr           11%        3d9       50%         4
 Blade Hands              Tmut           8%         N/A       65%         5
 Agony                    Necr           11%        N/A       83%         5
 Death Channel            Necr           5%         N/A       100%        6
 Simulacrum               Ice/Necr       5%         N/A       100%        6
 Summon Cactus Giant      Summ           5%         N/A       100%        6
 Storm Form               Tmut/Air       8%         N/A       100%        7
 Discord                  Hex            19%        N/A       100%        8
 Ignition                 Fire           5%         3d4       100%        8
 Maxwell's Capacitive Co  Air            8%         ∞         100%        8


Dungeon Overview and Level Annotations

Branches:
Dungeon (14/15)            Temple (1/1) D:7            Lair (5/5) D:9
 Shoals (0/4) Lair:3        Snake (0/4) Lair:2        Slime (0/5) Lair:4
    Orc (2/2) D:10            Elf (0/3) Orc:2        Vaults (0/5) D:13

Altars:
Dithmenos
Elyvilon
Fedhas
Gozag
Kikubaaqudgha
Makhleb
Nemelex Xobeh
Qazlal
Ru
Trog
Vehumet
Xom
Zin
The Shining One
Jiyva

Shops:
D:4 ?   D:8 *   D:10 (   Orc:2 ?=**?(:==

Portals:
Pandemonium: Orc:2

Annotations:
D:5 2 transporters
D:7 3 runed translucent doors, TheFallenCrow's ghost, novice DsCK
D:14 Agnes
Lair:5 Rupert
Orc:2 2 runed translucent doors, exclusion: orange crystal statue


Innate Abilities, Weirdness & Mutations

You are very small and have problems with some larger weapons.
You are too small for most types of armour.
You have supernaturally acute eyesight. (SInv)
You cover ground extremely quickly. (Speed+++)
You occasionally shout uncontrollably at your foes.
Potions are less effective at restoring your health.
You are vulnerable to heat. (rF-)


Message History

Aim: Agnes, wielding a +4 vampiric lajatang and wearing a +0 robe of cold resistance (wandering, hasn't noticed you) Poisonous vapours surround Agnes!
Agnes is poisoned.
Agnes shouts!
You now have 28/30 mp.
Casting: Poisonous Vapours (safe; 1% risk of failure)
Confirm with . or Enter, or press ? or * to list all spells.
Aiming: Poisonous Vapours (safe; 1% risk of failure)
Press: ? - help, Dir - move target, f/p - Agnes
Aim: Agnes, wielding a +4 vampiric lajatang and wearing a +0 robe of cold resistance (lightly wounded, poisoned) Poisonous vapours surround Agnes!
Agnes looks even sicker.
You now have 26/30 mp.
Casting: Poisonous Vapours (safe; 1% risk of failure)
Confirm with . or Enter, or press ? or * to list all spells.
Aiming: Poisonous Vapours (safe; 1% risk of failure)
Press: ? - help, Dir - move target, f/p - Agnes
Aim: Agnes, wielding a +4 vampiric lajatang and wearing a +0 robe of cold resistance (lightly wounded, very poisoned) Poisonous vapours surround Agnes!
Agnes looks as sick as possible!
You now have 24/30 mp.
You feel a surge of power!
The iron shot hits Agnes!!!
Agnes is heavily wounded.
Agnes barely misses you. Agnes misses you.
You now have 19/30 mp.
You feel a surge of power!
The iron shot misses Agnes.
Agnes misses you.
Agnes hits you with a +4 vampiric lajatang!!
You take 20 damage, and have 55/75 hp.
MASSIVE DAMAGE!!
You now have 13/30 mp.
You feel a surge of power!
The iron shot misses Agnes.
Agnes hits you with a +4 vampiric lajatang!
Agnes draws strength from your wounds!
You take 7 damage, and have 48/75 hp.
You now have 7/30 mp.
You are too injured to fight recklessly!
Agnes attacks as you move away!
Agnes hits you with a +4 vampiric lajatang!!
* * * LOW HITPOINT WARNING * * *
Agnes draws strength from your wounds!
You take 30 damage, and have 18/75 hp.
MASSIVE DAMAGE!!
Agnes closely misses you.
Your system partially rejects the healing.
You feel much better.
Agnes hits you with a +4 vampiric lajatang!!
You die...

##### ########## #...# #........#
#...# ####........# #...#
####...........#
#...###......@.......#########
#.....'.....i.................
####....##.....#.._.....#########
........##.....#........#
........##.....#........#
u.....u..'..>..#........#
.....).###.....########.##
##.....# #.....########..####
#...####...................#####


You could see Agnes (very poisoned).

Vanquished Creatures
  A sphinx (D:14)
  2 orc warlords
  Snorg (Lair:4)
  A fire dragon (D:11)
  Josephine (D:14)
  4 hydras
  5 vault guards (D:13)
  Erica (D:8)
  2 boulder beetles
  4 centaur warriors
  A death knight (D:14)
  A dancing weapon (D:14)
  4 two-headed ogres
  A tengu warrior (D:11)
  6 orc high priests
  Urug (Lair:4)
  3 skysharks
  A shadow wraith (D:14)
  A goliath frog (Lair:5)
  A deep troll (D:11)
  4 skeletal warriors
  4 lindwurms (D:12)
  Pikel (D:8)
  3 deep elf pyromancers
  2 wolf spiders
  6 orc knights
  12 ugly things
  6 orc sorcerers (Orc:2)
  3 cyclopes
  8 elephants
  3 manticores
  2 merfolk sirens (Lair:3)
  2 gargoyles
  A smoke demon (Orc:2)
  7 black mambas
  Joseph (D:9)
  An orange demon (Orc:2)
  16 cane toads
  8 komodo dragons
  2 rime drakes
  Psyche (D:12)
  A kobold demonologist (D:13)
  An unseen horror (D:11)
  3 tengu conjurers
  A freezing wraith (D:13)
  A yaktaur (D:13)
  A red devil (Orc:2)
  2 polar bears
  5 meliai
  5 trolls
  2 hornets
  2 merfolk (Lair:3)
  A tyrant leech (Lair:5)
  6 dream sheep (Lair:3)
  25 blink frogs
  Sigmund (D:5)
  3 slime creatures (D:14)
  A shadow (D:10)
  Eustachio (D:4)
  9 wraiths
  47 yaks
  2 vampires
  2 wyverns
  A human (D:13)
  4 basilisks
  22 vampire mosquitoes
  Grum (D:9)
  3 steam dragons
  8 wargs
  2 acid dragons
  18 water moccasins
  Duvessa (D:4)
  45 orc warriors
  2 sky beasts (D:7)
  An ice beast (D:5)
  4 black bears
  8 centaurs
  5 ogres
  20 wolves
  3 phantoms
  A kobold brigand (D:10)
  A lemure (D:8)
  16 bullfrogs
  2 scorpions
  7 wights (D:9)
  Dowan (D:4)
  20 killer bees
  A vampire bat (Orc:1)
  An electric eel (Lair:5)
  4 howler monkeys
  A hound (D:6)
  24 orc priests
  2 jellies
  Terence (D:3)
  4 iguanas
  Natasha (thrice) (D:4)
  23 orc wizards
  2 sleepcaps
  4 adders
  A shadow imp (D:5)
  A white imp (D:6)
  4 worms
  A dart slug (D:1)
  101 orcs
  8 ball pythons
  7 endoplasms
  5 giant cockroaches
  9 goblins
  6 hobgoblins
  5 jackals
  4 quokkas
  13 bats
  A frilled lizard (D:1)
  14 kobolds
  8 rats
711 creatures vanquished.

Vanquished Creatures (others)
  An orc wizard (D:9)
  50 fulminant prisms
51 creatures vanquished.

Grand Total: 762 creatures vanquished

Notes
Turn   | Place    | Note
-------+----------+-------------------------------------------
     0 | D:1      | jasper the Spriggan Venom Mage began the quest for the Orb.
     0 | D:1      | Reached XP level 1. HP: 9/9 MP: 5/5
   294 | D:1      | Reached XP level 2. HP: 10/13 MP: 0/6
   297 | D:1      | Learned a level 2 spell: Poisonous Vapours
  1171 | D:2      | Found a faded altar of an unknown god.
  1270 | D:2      | Reached XP level 3. HP: 16/16 MP: 5/8
  1290 | D:2      | Learned a level 3 spell: Mephitic Cloud
  2666 | D:3      | Noticed Terence
  2686 | D:3      | Killed Terence
  2687 | D:3      | Reached skill level 5 in Poison Magic
  2687 | D:3      | Reached XP level 4. HP: 20/21 MP: 1/9
  3267 | D:3      | Reached XP level 5. HP: 24/24 MP: 0/10
  3517 | D:3      | Found a blossoming altar of Fedhas.
  3517 | D:3      | Found a burning altar of Makhleb.
  3633 | D:4      | Noticed a phantom
  3677 | D:4      | Killed a phantom
  3683 | D:4      | Learned a level 4 spell: Olgreb's Toxic Radiance
  3771 | D:4      | Reached XP level 6. HP: 28/28 MP: 5/13
  3905 | D:4      | Reached skill level 1 in Air Magic
  4021 | D:4      | Reached skill level 1 in Conjurations
  4068 | D:4      | Noticed Natasha
  4083 | D:4      | Killed Natasha
  4206 | D:4      | Noticed Duvessa
  4206 | D:4      | Noticed Dowan
  4212 | D:4      | Killed Dowan
  4213 | D:4      | Reached skill level 1 in Evocations
  4219 | D:4      | HP: 1/29 [Duvessa/+7 antimagic rapier (16)]
  4222 | D:4      | Killed Duvessa
  4223 | D:4      | Reached skill level 1 in Fighting
  4347 | D:4      | Found Diaw's Magic Scroll Emporium.
  4352 | D:4      | Bought a scroll of blinking for 75 gold pieces
  4353 | D:4      | Noticed Natasha
  4361 | D:4      | Killed Natasha
  4436 | D:4      | Noticed Natasha
  4440 | D:4      | Killed Natasha
  4441 | D:4      | Reached XP level 7. HP: 26/33 MP: 5/14
  4705 | D:4      | Found a sparkling altar of Nemelex Xobeh.
  4756 | D:4      | Learned a level 4 spell: Iskenderun's Mystic Blast
  4855 | D:4      | Found an opulent altar of Gozag.
  4855 | D:4      | Found a stormy altar of Qazlal.
  4856 | D:4      | Noticed Eustachio
  4884 | D:4      | Killed Eustachio
  5352 | D:4      | Reached skill level 2 in Conjurations
  5479 | D:5      | Entered Level 5 of the Dungeon
  5703 | D:5      | Noticed Sigmund
  5712 | D:5      | Killed Sigmund
  5746 | D:5      | Reached skill level 5 in Translocations
  5746 | D:5      | Reached XP level 8. HP: 21/37 MP: 0/15
  5808 | D:5      | Reached skill level 3 in Conjurations
  5998 | D:5      | Found a transporter.
  6003 | D:5      | Found a transporter.
  6769 | D:5      | Found a bloodstained altar of Trog.
  6854 | D:5      | Reached skill level 4 in Conjurations
  7079 | D:5      | Found a sacrificial altar of Ru.
  7390 | D:6      | Reached skill level 5 in Spellcasting
  7592 | D:6      | Found a shadowy altar of Dithmenos.
  7968 | D:7      | Learned a level 4 spell: Fulminant Prism
  8059 | D:7      | Reached skill level 1 in Hexes
  8059 | D:7      | Reached XP level 9. HP: 41/42 MP: 15/19
  8063 | D:7      | Found a staircase to the Ecumenical Temple.
  8088 | Temple   | Entered the Ecumenical Temple
  8130 | Temple   | Became a worshipper of Vehumet
  8314 | D:7      | Found a runed translucent gate.
  8315 | D:7      | Found a runed translucent gate.
  8316 | D:7      | Found a runed translucent gate.
  8321 | D:7      | Noticed TheFallenCrow's ghost (novice DsCK)
  8410 | D:7      | Reached skill level 5 in Hexes
  9301 | D:8      | Reached * piety under Vehumet
  9301 | D:8      | Offered knowledge of Freeze by Vehumet.
  9500 | D:8      | Reached skill level 5 in Stealth
  9516 | D:8      | Reached skill level 5 in Dodging
  9621 | D:8      | Noticed Erica
  9660 | D:8      | Killed Erica
  9661 | D:8      | Reached skill level 5 in Evocations
  9661 | D:8      | Reached XP level 10. HP: 38/49 MP: 1/20
 10108 | D:8      | Found Bacas's General Store.
 10111 | D:8      | Bought a scroll of teleportation for 42 gold pieces
 10111 | D:8      | Bought a scroll of fog for 56 gold pieces
 10557 | D:8      | Noticed Pikel
 10590 | D:8      | Killed Pikel
 10793 | D:8      | Identified the +4 trident of the Forest {heavy, MP+9 Str+4
                  | Int+2 Stlth-}
 11279 | D:9      | Noticed Joseph
 11339 | D:9      | Killed Joseph
 11478 | D:9      | Learned a level 2 spell: Blink
 11632 | D:9      | Offered knowledge of Magic Dart by Vehumet.
 11639 | D:9      | HP: 1/51 [steam dragon] (10)]
 11644 | D:9      | Reached ** piety under Vehumet
 11979 | D:9      | Found a glowing golden altar of the Shining One.
 12100 | D:9      | Reached skill level 5 in Fighting
 12491 | D:9      | Reached skill level 10 in Stealth
 12524 | D:9      | Noticed a two-headed ogre
 12582 | D:9      | Killed a two-headed ogre
 12752 | D:9      | Noticed Grum
 12769 | D:9      | Killed Grum
 12770 | D:9      | Reached XP level 11. HP: 33/56 MP: 19/21
 13427 | D:9      | Found a staircase to the Lair.
 13574 | D:10     | Entered Level 10 of the Dungeon
 13819 | D:10     | Reached skill level 10 in Dodging
 13988 | D:10     | Offered knowledge of Dazzling Flash by Vehumet.
 14044 | D:10     | Found a white marble altar of Elyvilon.
 14213 | D:10     | Found Asifa's Antique Weapon Boutique.
 14296 | D:10     | Reached *** piety under Vehumet
 14306 | D:10     | Learned a level 6 spell: Iron Shot
 14480 | D:10     | Reached skill level 5 in Conjurations
 14480 | D:10     | Reached skill level 1 in Earth Magic
 14628 | D:10     | Offered knowledge of Flame Wave by Vehumet.
 14635 | D:10     | Found a staircase to the Orcish Mines.
 15032 | D:11     | Noticed a brown ugly thing
 15091 | D:11     | Killed a brown ugly thing
 15200 | D:11     | Noticed a deep elf pyromancer
 15234 | D:11     | Killed a deep elf pyromancer
 15624 | D:11     | Noticed a wolf spider
 15624 | D:11     | Noticed a centaur warrior
 15639 | D:11     | Killed a wolf spider
 15640 | D:11     | Reached skill level 6 in Conjurations
 15754 | Lair:1   | Entered Level 1 of the Lair of Beasts
 16111 | Lair:1   | Reached **** piety under Vehumet
 16892 | Lair:2   | Noticed a skyshark
 16984 | Lair:2   | Reached XP level 12. HP: 41/61 MP: 10/25
 16992 | Lair:2   | Offered knowledge of Fireball by Vehumet.
 17000 | Lair:2   | Reached skill level 5 in Earth Magic
 17061 | Lair:2   | Reached skill level 7 in Conjurations
 17202 | Lair:2   | You fall into a shaft and drop 1 floor!
 18022 | Lair:3   | Reached skill level 8 in Conjurations
 18403 | Lair:3   | Found a staircase to the Shoals.
 18771 | Lair:3   | Reached ***** piety under Vehumet
 19072 | Lair:4   | Noticed Urug
 19095 | Lair:4   | Killed Urug
 19095 | Lair:4   | Offered knowledge of Orb of Destruction by Vehumet.
 19219 | Lair:4   | Reached XP level 13. HP: 62/65 MP: 6/27
 19450 | Lair:4   | Reached skill level 10 in Spellcasting
 19476 | Lair:4   | Reached skill level 9 in Conjurations
 19485 | Lair:4   | Learned a level 7 spell: Orb of Destruction
 19647 | Lair:4   | Noticed Snorg
 19714 | Lair:4   | Killed Snorg
 19899 | Lair:4   | Found a staircase to the Slime Pits.
 19900 | Lair:4   | Found a viscous altar of Jiyva.
 20748 | Lair:2   | Found a staircase to the Snake Pit.
 21061 | Lair:2   | Reached skill level 10 in Conjurations
 21937 | Orc:1    | Entered Level 1 of the Orcish Mines
 21943 | Orc:1    | Noticed an orc warlord
 21969 | Orc:1    | Killed an orc warlord
 21975 | Orc:1    | Offered knowledge of Starburst by Vehumet.
 22229 | Orc:2    | Entered Level 2 of the Orcish Mines
 22246 | Orc:2    | Found Loynaihi's Jewellery Emporium.
 22248 | Orc:2    | Found Zyaxily's Magic Scroll Shop.
 22324 | Orc:2    | Bought a scroll of fog for 64 gold pieces
 22324 | Orc:2    | Bought a scroll of fog for 64 gold pieces
 22443 | Orc:2    | Found a radiant altar of Vehumet.
 22614 | Orc:2    | Found a runed translucent door.
 22618 | Orc:2    | Found the +10 tower shield of Ignorance {rN+ Int-4}
 22639 | Orc:2    | Found a runed translucent door.
 22841 | Orc:2    | Found Kuqig's Assorted Antiques.
 22877 | Orc:2    | Found a staircase to the Elven Halls.
 22916 | Orc:2    | Noticed an orc warlord
 22952 | Orc:2    | Killed an orc warlord
 23254 | Orc:2    | Found Moaqex's Jewellery Shoppe.
 23266 | Orc:2    | Found Fojuop's Jewellery Shop.
 23689 | Orc:2    | Reached skill level 11 in Conjurations
 23856 | Orc:2    | Found Cocaagoi's General Store.
 23857 | Orc:2    | Found Gaegon's Magic Scroll Shop.
 24014 | Orc:2    | Bought a potion of heal wounds for 55 gold pieces
 24014 | Orc:2    | Bought a potion of curing for 33 gold pieces
 24025 | Orc:2    | Bought 3 scrolls of fear for 156 gold pieces
 24025 | Orc:2    | Bought a scroll of teleportation for 39 gold pieces
 24202 | Orc:2    | Gained mutation: You have hidden genetic defects. [a
                  | neqoxec]
 24207 | Orc:2    | Gained mutation: Potions are less effective at restoring
                  | your health. [a neqoxec]
 24535 | Orc:2    | Offered knowledge of Plasma Beam by Vehumet.
 24721 | Orc:2    | Reached XP level 14. HP: 70/70 MP: 13/29
 25059 | Orc:2    | Gained mutation: You are vulnerable to heat. (rF-) [hidden
                  | defects]
 25291 | Orc:2    | Reached skill level 12 in Conjurations
 25562 | Orc:2    | Found Wint's Antique Weapon Emporium.
 25562 | Orc:2    | Found Xilolud's Book Shoppe.
 25563 | Orc:2    | Found a one-way gate leading to the halls of Pandemonium.
 26646 | Lair:5   | Entered Level 5 of the Lair of Beasts
 27421 | Lair:5   | Gained mutation: You occasionally shout uncontrollably at
                  | your foes. [hidden defects]
 27421 | Lair:5   | Lost mutation: You have hidden genetic defects. [hidden
                  | defects expressed]
 28671 | Lair:5   | Reached skill level 13 in Conjurations
 29078 | Lair:5   | Noticed Rupert
 29858 | D:11     | Reached skill level 10 in Earth Magic
 30252 | D:11     | Identified the ring "Oneog" {rF+ Will+}
 30312 | D:11     | Offered knowledge of Ozocubu's Refrigeration by Vehumet.
 30441 | D:12     | Found a flickering gateway to a bazaar.
 30461 | Bazaar   | Entered a bazaar
 30465 | Bazaar   | Found Lujucaen's Jewellery Boutique.
 30487 | Bazaar   | Found Lisharphy's Assorted Antiques.
 30508 | Bazaar   | Found Wueheny's Book Boutique.
 30528 | Bazaar   | Found Hupsiosy's Antique Weapon Shoppe.
 30570 | Bazaar   | Bought a scroll of teleportation for 54 gold pieces
 30570 | Bazaar   | Bought a scroll labelled VORORE ROOZARRI for 18 gold pieces
 30570 | Bazaar   | Bought a scroll of fear for 72 gold pieces
 30570 | Bazaar   | Bought 3 scrolls of identify for 108 gold pieces
 30570 | Bazaar   | Bought a scroll of immolation for 72 gold pieces
 30877 | D:12     | Reached XP level 15. HP: 73/73 MP: 5/30
 31378 | D:12     | Noticed Psyche
 31381 | D:12     | Killed Psyche
 31553 | D:12     | You fall into a shaft and drop 2 floors!
 32474 | D:12     | Identified the +0 plate armour of the Wumpus {Dex+2 Stlth+}
 32475 | D:12     | Identified the staff of fire "Punil Giyg" {rF+ Will+ Dex+4
                  | SInv Stlth+}
 33236 | D:13     | Found a gate to the Vaults.
 34175 | D:14     | Reached skill level 14 in Conjurations
 34784 | D:14     | Noticed Josephine
 34800 | D:14     | Killed Josephine
 35052 | D:14     | Offered knowledge of Conjure Ball Lightning by Vehumet.
 35787 | D:14     | Noticed a sphinx
 35874 | D:14     | Killed a sphinx
 36081 | D:14     | Found a burning altar of Makhleb.
 36600 | D:14     | Noticed a frost giant
 36771 | D:14     | Noticed Agnes
 36780 | D:14     | Slain by Agnes

Illustrated notes

Levels and vault maps discovered:
D:1:      moated_graveyard_arrival, layout_basic,
          hangedman_decor_clover_reticule, minmay_misc_feat_chi
D:2:      layout_basic, nicolae_ecumenical_pavilion,
          chequers_serial_rivers_micro_c
D:3:      layout_loops_ring, amethyst_overflow_temple_binary, minivault_11,
          uniq_terence
D:4:      layout_basic, nemelex_dance_club_becter,
          gammafunk_temple_overflow_pools, serial_shops,
          nicolae_shop_rolling_square, item_on_display_a, uniq_duvessa,
          uniq_natasha, uniq_eustachio
D:5:      layout_loops_ring, nicolae_ru_path_of_blood, lemuel_round_altar,
          gammafunk_ghost_hive, uniq_sigmund
D:6:      layout_basic, nicolae_dithmenos_shadow_blocks
D:7:      layout_gridville, temple_pool_b, gammafunk_ghost_split,
          chequers_avenue
D:8:      layout_loops_corners, serial_rivers, chequers_serial_rivers_room_a,
          chequers_serial_rivers_small_b, chequers_serial_rivers_room_a,
          chequers_serial_rivers_marsh, chequers_serial_rivers_large_a,
          chequers_serial_rivers_large_b, serial_shops, kennysheep_mini_moat,
          uniq_erica, uniq_pikel
D:9:      layout_loops_ring, tso_oasis_becter, erik_lair_dragon, uniq_grum,
          uniq_joseph
D:10:     layout_roguey, elyvilon_altar_3, david_orc_4, serial_shops,
          shop_statue
D:11:     nicolae_hexawheel, layout_basic
D:12:     layout_irregular_city, serial_shops, bzr_entry_gold,
          chequers_serial_rivers_small_3, minmay_lindwurm_lava, uniq_psyche
D:13:     layout_big_octagon, grunt_vaults_entry_fortified
D:14:     evilmike_diamond_1, layout_basic, nicolae_two_hexagons,
          bloody_makhleb, uniq_agnes, uniq_josephine
Temple:   hellmonk_temple_forest_ring
Lair:1:   layout_cave_pods
Lair:2:   layout_hall_layers, dummy_snake_entry, st_stairs_6,
          beast_lair_carwin_5, grunt_megastairs_5, infiniplex_staircase_pool_2
Lair:3:   layout_regular_city, elwin_shoals_entry_stream, grunt_megastairs_3
Lair:4:   layout_cellular_growth, slime_entry_1,
          nicolae_volcano_entry_lava_flow, uniq_urug, uniq_snorg
Lair:5:   minmay_lair_end_frog_pond, layout_layer_cave, uniq_rupert
Orc:1:    layout_caves, roderic_batcave
Orc:2:    pf_orc_diabolical, layout_caves, serial_shops, shop,
          nicolae_shop_tiny_statue_garden, nicolae_shop_gaudy_bauble, shop,
          shop, basic_altar, chequers_guarded_unrand_ignorance

Skill      XL: |  1  2  3  4  5  6  7  8  9 10 11 12 13 14 15 |
---------------+----------------------------------------------+-----
Poison Magic   | 4 5 6 |  6.0
Spellcasting   | 4 6 8 9 10 | 10.0
Air Magic      | 1 |  1.0
Conjurations   | 1 2 4 6 8 11 13 14 | 14.3
Dodging        | 3 6 9 10 | 10.0
Evocations     | 2 5 |  5.0
Fighting       | 1 3 5 6 7 |  7.4
Stealth        | 4 7 10 | 10.0
Translocations | 5 8 |  8.0
Hexes          | 1 6 |  6.0
Earth Magic    | 4 8 10 12 | 12.0
Transmutations | |  1.3

Action                     |  1- 3 |  4- 6 |  7- 9 | 10-12 | 13-15 || total
---------------------------+-------+-------+-------+-------+-------++-------
  Melee: Dagger            |    40 |    83 |   218 |    17 |       ||   358
         Punch             |       |       |     3 |     1 |       ||     4
         Trident           |       |       |       |    90 |     8 ||    98
         Staff             |       |       |       |       |   115 ||   115
   Cast: Sting             |    75 |    18 |    74 |     9 |       ||   176
         Poisonous Vapours |     8 |    24 |    47 |    96 |    88 ||   263
         Olgreb's Toxic Ra |       |     4 |    24 |    85 |   183 ||   296
         Mephitic Cloud    |       |     1 |     3 |    18 |    16 ||    38
         Iskenderun's Myst |       |       |     9 |    57 |    16 ||    82
         Fulminant Prism   |       |       |       |    45 |     5 ||    50
         Blink             |       |       |       |     2 |     1 ||     3
         Iron Shot         |       |       |       |       |   276 ||   276
         Orb of Destructio |       |       |       |       |     1 ||     1
  Evoke: Wand              |       |     3 |     3 |     3 |     5 ||    14
         Lightning rod     |       |       |       |     4 |    14 ||    18
         Tin of tremorston |       |       |       |       |     2 ||     2
    Use: Scroll            |     7 |     2 |     1 |    10 |     6 ||    26
         Potion            |       |       |     1 |     3 |     2 ||     6
   Stab: Sleeping          |     3 |     1 |     2 |     1 |       ||     7
         Confused          |       |       |       |     1 |     1 ||     2
 Armour: Robe              |    12 |    17 |    71 |    16 |     5 ||   121
         Steam dragon scal |       |       |       |       |    14 ||    14
  Dodge: Dodged            |    40 |    52 |   260 |   305 |   415 ||  1072
